 Dungeon Crawl Stone Soup version 0.25-a0-503-ge281fa673e (webtiles) character file.

Game seed: 11830405625322020323, levelgen mode: deterministic

4669 kae the Basher (level 10, -4/85 HPs)
             Began as a Demonspawn Gladiator on Feb 13, 2020.
             Was a Plaything of Xom.
             Slain by a sun demon (8 damage)
             ... summoned by a kobold demonologist
             ... on level 9 of the Dungeon.
             The game lasted 00:07:29 (7609 turns).

kae the Basher (Demonspawn Gladiator)               Turns: 7609, Time: 00:07:30

Health: -4/85      AC:  5    Str: 16    XL:     10   Next: 20%
Magic:  10/10      EV: 13    Int: 10    God:    Xom [..*...]
Gold:   354        SH:  0    Dex: 16    Spells: 9/9 levels left

rFire    + . .     SeeInvis .   l - +7 mace of Variability {chain chaos}
rCold    + . .     Gourm    .   (shield currently unavailable)
rNeg     . . .     Faith    .   a - +0 leather armour
rPois    .         Spirit   .   b - +1 helmet
rElec    .         Reflect  .   D - scarf {rC+ rF+}
rCorr    .         Harm     .   E - +2 pair of gloves
MR       .....                  (no boots)
Stlth    ++........             (no amulet)
HPRegen  0.24/turn              e - ring of stealth
MPRegen  0.12/turn              x - +4 ring of protection

@: corroded, lightly drained
A: talons 2, rugged brown scales 1, foul stench 1, rot immunity
a: Renounce Religion


You were on level 9 of the Dungeon.
You worshipped Xom.
You were a toy of Xom.
You were not hungry.

You visited 2 branches of the dungeon, and saw 10 of its levels.

You collected 510 gold pieces.
You spent 156 gold pieces at shops.

Inventory:

Hand Weapons
 l - the +7 mace of Variability (weapon) {chain chaos}
   (You found it on level 4 of the Dungeon)

   Each time it hits an enemy it has a different, random effect.
Missiles
 c - 3 throwing nets (quivered)
Armour
 a - a +0 leather armour (worn)
 b - a +1 helmet (worn)
 C - a +0 cloak
 D - a scarf of resistance (worn)
 E - a +2 pair of gloves (worn)
Jewellery
 e - a ring of stealth (left hand)
 j - an uncursed ring of magical power
 w - an uncursed ring of ice
 x - a +4 ring of protection (right hand)
Wands
 f - a wand of disintegration (14)
 s - a wand of flame (16)
 v - a wand of enslavement (14)
 y - a wand of random effects (11)
 z - a wand of iceblast (5)
 F - a wand of digging (3)
Scrolls
 i - 2 scrolls of identify
 k - 3 scrolls of teleportation
 n - 4 scrolls of magic mapping
 t - 3 scrolls of remove curse
Potions
 g - 3 potions of curing
 h - 2 potions of degeneration
 m - 2 potions of might
 p - a potion of mutation
 q - a potion of flight
 u - a potion of haste
 A - a potion of experience
Comestibles
 d - 12 rations


   Skills:
 + Level 9.1(8.5) Fighting
 * Level 10.4(9.8) Maces & Flails
 - Level 2.0(1.5) Throwing
 - Level 3.0(2.5) Dodging
 - Level 4.1(3.6) Unarmed Combat


You had 9 spell levels left.
You didn't know any spells.
Your spell library contained the following spells:

 Spells                   Type           Power        Failure   Level  Hunger
 Animate Skeleton         Necr           N/A          43%         1    ##.....
 Apportation              Tloc           #.....       43%         1    ##.....
 Corona                   Hex            #......      43%         1    ##.....
 Summon Small Mammal      Summ           #...         43%         1    ##.....


Dungeon Overview and Level Annotations

Branches:
Dungeon (9/15)             Temple (1/1) D:7
   Lair: D:8-11         Orc: D:9-12

Altars:
Ashenzari
Cheibriados
Dithmenos
Elyvilon
Fedhas
Gozag
Hepliaklqana
Kikubaaqudgha
Nemelex Xobeh
Okawaru
Qazlal
Ru
Sif Muna
Trog
Vehumet
Wu Jian
Xom
Yredelemnul
The Shining One

Shops:
D:4 %((:!   D:5 %[

Portals:
Sewer: D:5

Annotations:
D:4 2 transporters
D:5 3 runed translucent doors, bmj180's ghost, novice DrCj; mopl's ghost, novice HOAr; vurker's ghost, amateur GnSk


Innate Abilities, Weirdness & Mutations

You have razor-sharp toenails.
You are partially covered in rugged brown scales. (AC +1, +3% HP)
You may emit foul miasma when damaged in melee.
You are immune to rotting.


Message History

The arc of chaos hits the soul eater but does no damage.
The soul eater is almost dead.
The arc of chaos hits the soul eater.
The soul eater evaporates and reforms as a sun demon!
The arc of chaos hits the sun demon.
The sun demon writhes in agony!
The sun demon is lightly wounded.
The arc of chaos hits the sun demon.
The sun demon completely resists.
The sun demon is lightly wounded.
You claw the sun demon, but do no damage.
The sun demon is lightly wounded.
The neqoxec gestures at you.
Something tries to feed on your intellect!
The sun demon barely misses you.
The kobold demonologist begins to cast a cantrip, but forgets the words!
There is a stone staircase leading up here.
The sun demon hits you!!
* * * LOW HITPOINT WARNING * * *
You are engulfed in flames!
You resist.
You die...
Xom snickers!

########.#
####...@3.K3#
#....######.#
#.#### #.#
#.# #.# #.#
#.# #.#


You could see a sun demon, a kobold demonologist and a neqoxec.

Vanquished Creatures
  Maurice (D:8)
  Joseph (D:7)
  Prince Ribbit (D:8)
  A hippogriff (D:8)
  Grum (D:8)
  Eustachio (D:6)
  A sky beast (D:7)
  2 orc warriors (D:8)
  An ice beast (D:7)
  A necrophage (D:8)
  4 ogres
  4 wolves (D:8)
  A phantom (D:8)
  2 centaurs
  3 bullfrogs (D:6)
  2 scorpions
  11 killer bees
  5 wights (D:6)
  A howler monkey (D:8)
  3 crimson imps
  2 hounds (D:6)
  2 jellies
  A centaur skeleton (D:5)
  An orc priest (D:8)
  A bullfrog skeleton (D:8)
  3 iguanas
  4 orc wizards
  6 worker ants
  A killer bee zombie (D:6)
  2 hound skeletons
  14 gnolls
  11 adders
  An adder zombie (D:6)
  An adder skeleton (D:4)
  A worm (D:4)
  4 dart slugs
  10 leopard geckos
  11 orcs
  9 bats
  4 giant cockroaches
  5 hobgoblins
  4 jackals
  4 quokkas
  A ball python (D:6)
  A frilled lizard (D:2)
  6 goblins
  9 kobolds
  6 rats
172 creatures vanquished.

Vanquished Creatures (others)
  A big kobold (D:7)
  A withered plant (D:5)
2 creatures vanquished.

Grand Total: 174 creatures vanquished

Notes
Turn   | Place    | Note
-------+----------+-------------------------------------------
     0 | D:1      | kae the Demonspawn Gladiator began the quest for the Orb.
     0 | D:1      | Reached XP level 1. HP: 16/16 MP: 1/1
   337 | D:1      | Gained mutation: You have sharp toenails. [demonic
                  | ancestry]
   337 | D:1      | Reached XP level 2. HP: 5/22 MP: 2/2
  1103 | D:1      | Gained mutation: You are immune to rotting. [demonic
                  | ancestry]
  1103 | D:1      | Reached XP level 3. HP: 28/28 MP: 3/3
  2089 | D:3      | Reached XP level 4. HP: 35/35 MP: 4/4
  2182 | D:3      | You fall into a shaft and drop 1 floor!
  2182 | D:4      | Found an opulent altar of Gozag.
  2182 | D:4      | Found a sparkling altar of Nemelex Xobeh.
  2297 | D:4      | Reached XP level 5. HP: 23/42 MP: 5/5
  2542 | D:4      | Found Riar Xag's Book Emporium.
  2552 | D:4      | Found a transporter.
  2582 | D:4      | Found the +7 mace of Variability {chain chaos}
  2589 | D:4      | Found Faxt's Food Boutique.
  2619 | D:4      | Noticed a kobold demonologist
  2649 | D:4      | Noticed an ogre
  2658 | D:4      | Killed an ogre
  2658 | D:4      | Reached skill level 1 in Maces & Flails
  2725 | D:4      | Reached skill level 2 in Maces & Flails
  2725 | D:4      | Gained mutation: You are partially covered in rugged brown
                  | scales. (AC +1, +3% HP) [demonic ancestry]
  2725 | D:4      | Reached XP level 6. HP: 10/50 MP: 6/6
  2752 | D:4      | Found Qiar's Weapon Shoppe.
  3232 | D:3      | Found a faded altar of an unknown god.
  3315 | D:4      | Found Suvvicaq's Antique Weapon Boutique.
  3412 | D:4      | Found Rihuvyrgh's Distillery.
  3420 | D:4      | Bought a potion of heal wounds for 60 gold pieces
  3420 | D:4      | Bought a potion of mutation for 96 gold pieces
  3489 | D:4      | Found a transporter.
  3539 | D:4      | Reached skill level 3 in Maces & Flails
  3699 | D:5      | Entered Level 5 of the Dungeon
  3706 | D:5      | Found a runed translucent gate.
  3706 | D:5      | Found a runed translucent gate.
  3706 | D:5      | Found a runed translucent gate.
  3739 | D:5      | Noticed vurker's ghost (amateur GnSk)
  3740 | D:5      | Noticed mopl's ghost (novice HOAr)
  3740 | D:5      | Noticed bmj180's ghost (novice DrCj)
  3801 | D:5      | Found Cuoses's Antique Armour Shop.
  3834 | D:5      | Found a glowing drain.
  3922 | D:5      | Found Pasulaj's Food Emporium.
  3928 | D:5      | You fall into a shaft and drop 1 floor!
  3980 | D:6      | Reached skill level 5 in Fighting
  3980 | D:6      | Gained mutation: You may emit foul miasma when damaged in
                  | melee. [demonic ancestry]
  3980 | D:6      | Reached XP level 7. HP: 57/57 MP: 7/7
  4021 | D:5      | Reached skill level 4 in Maces & Flails
  4680 | D:6      | Reached skill level 5 in Maces & Flails
  4694 | D:6      | Gained mutation: You have razor-sharp toenails. [demonic
                  | ancestry]
  4694 | D:6      | Reached XP level 8. HP: 18/65 MP: 8/8
  5027 | D:6      | Found a sacrificial altar of Ru.
  5197 | D:6      | Reached skill level 6 in Maces & Flails
  5379 | D:6      | Noticed Eustachio
  5421 | D:6      | Killed Eustachio
  5515 | D:7      | Reached skill level 7 in Maces & Flails
  5776 | D:7      | Noticed Joseph
  5789 | D:7      | Killed Joseph
  5789 | D:7      | Reached XP level 9. HP: 25/74 MP: 9/9
  5791 | D:7      | Reached skill level 8 in Maces & Flails
  6111 | D:7      | Found a blossoming altar of Fedhas.
  6113 | D:7      | Found an ancient bone altar of Kikubaaqudgha.
  6311 | D:7      | Found a staircase to the Ecumenical Temple.
  6361 | Temple   | Entered the Ecumenical Temple
  6414 | Temple   | Became a worshipper of Xom of Chaos
  6548 | D:8      | Noticed Grum
  6549 | D:8      | XOM: potion effect (berserk rage)
  6554 | D:8      | Reached skill level 9 in Maces & Flails
  6554 | D:8      | XOM: silly message
  6560 | D:8      | XOM: smoke on damage
  6561 | D:8      | Killed Grum
  6597 | D:8      | Noticed Prince Ribbit
  6599 | D:8      | Killed Prince Ribbit
  6822 | D:8      | Noticed Maurice
  6832 | D:8      | Killed Maurice
  6832 | D:8      | Reached skill level 10 in Maces & Flails
  6832 | D:8      | Reached XP level 10. HP: 31/84 MP: 10/10
  7014 | D:8      | XOM: divination: detect creatures
  7050 | D:8      | XOM: enchant monster (bad)
  7405 | D:8      | XOM: harmless Fire miscast
  7596 | D:9      | Noticed a soul eater
  7599 | D:9      | Noticed a rust devil
  7607 | D:9      | Noticed a sun demon
  7607 | D:9      | a soul eater changed into a sun demon
  7609 | D:9      | HP: 4/85 [sun demon[a kobold demonologist] (25)]
  7609 | D:9      | Slain by a sun demon

Levels and vault maps discovered:
D:1:      denvon_arrival_planthouse, layout_basic
D:2:      layout_rooms, first_ration
D:3:      layout_basic, chequers_ecumenical_altar_lobes, hangedman_decor_push
D:4:      gammafunk_wand_slinger, layout_cave_pools,
          grunt_temple_overflow_opulence, serial_shops,
          nicolae_shop_statue_plus, shop, shop, nicolae_shop_waterfront, shop
D:5:      layout_loops_ring, gup_sewer_entry_glass, serial_shops, shop, shop,
          gammafunk_ghost_cemetery, minmay_misc_feat_pillars,
          kennysheep_generic_room_2
D:6:      layout_loops_ring, nicolae_ru_great_annihilating_truth, uniq_eustachio
D:7:      layout_basic, grunt_temple_overflow_growth_and_decay,
          minmay_temple_entry_tees, uniq_joseph
D:8:      layout_basic, uniq_grum, uniq_maurice, uniq_prince_ribbit1
D:9:      kennysheep_ambush_hall, layout_loops_ring, overflow_temple_1_default,
          gammafunk_temple_overflow_wave, serial_shops, shop
Temple:   eino_wide_crystal_templ

Skill      XL: |  1  2  3  4  5  6  7  8  9 10 |
---------------+-------------------------------+-----
Throwing       | 2 |  2.0
Dodging        | 3 |  3.0
Unarmed Combat | 3 4 |  4.1
Fighting       | 3 4 5 7 8 9 |  9.1
Maces & Flails | 2 3 5 7 10 | 10.4

Action                   |  1- 3 |  4- 6 |  7- 9 | 10-12 || total
-------------------------+-------+-------+-------+-------++-------
Melee: Unarmed           |   152 |    31 |       |       ||   183
       Punch             |     5 |       |       |       ||     5
       Kick              |    24 |    20 |    46 |    10 ||   100
       Great mace        |       |    40 |   170 |    41 ||   251
  Use: Scroll            |     3 |     2 |       |     7 ||    12
       Potion            |       |     1 |     5 |       ||     6
 Stab: Sleeping          |     4 |     6 |     8 |       ||    18
       Paralysed         |       |       |     1 |       ||     1
       Petrifying        |       |       |       |     1 ||     1
       Petrified         |       |       |       |     1 ||     1
  Eat: Chunk             |     3 |     5 |    11 |       ||    19
       Ration            |       |       |       |     1 ||     1
Armor: Leather armour    |    52 |    17 |    36 |     7 ||   112
Dodge: Dodged            |   127 |    37 |   146 |    28 ||   338

Table legend:
 A = Non-vault XP
 B = Vault XP
 C = Vault XP percentage of total XP
 D = Non-vault monster count
 E = Vault monster count
 F = Vault count percentage of total count
                 A         B        C        D         E       F
            +---------+---------+-------+---------+---------+-------
      Total |    4589 |    2082 |  31.2 |     159 |      14 |   8.1
            +---------+---------+-------+---------+---------+-------
        D:1 |      46 |       0 |   0.0 |      25 |       0 |   0.0
        D:2 |      47 |       0 |   0.0 |      13 |       0 |   0.0
        D:3 |      41 |       0 |   0.0 |      10 |       0 |   0.0
        D:4 |     456 |       0 |   0.0 |      16 |       0 |   0.0
        D:5 |     151 |      39 |  20.5 |       2 |       1 |  33.3
        D:6 |    1017 |     260 |  20.4 |      28 |       5 |  15.2
        D:7 |    1144 |     430 |  27.3 |      28 |       1 |   3.4
        D:8 |    1562 |    1353 |  46.4 |      35 |       7 |  16.7
        D:9 |     125 |       0 |   0.0 |       2 |       0 |   0.0
            +---------+---------+-------+---------+---------+-------
